 Dungeon Crawl Stone Soup version 0.19-a0-4-ga5c5ac4 (webtiles) character file.

296 beholder the Skirmisher (level 6, 0/51 HPs)
             Began as a Formicid Abyssal Knight on Apr 28, 2016.
             Was a Believer of Lugonu.
             Succumbed to a scorpion's poison
             ... on level 3 of the Dungeon.
             The game lasted 00:20:56 (3733 turns).

beholder the Skirmisher (Formicid Abyssal Knight)   Turns: 3733, Time: 00:20:56

Health: 0/51       AC:  2    Str: 16 (19) XL:     6   Next: 62%
Magic:  6/9        EV: 10    Int: 11      God:    Lugonu [**....]
Gold:   252        SH:  0    Dex:  8      Spells: 0 memorised, 5 levels left

rFire  + . .     SeeInvis +     d - +0 falchion (elec)
rCold  . . .     Gourm    .     t - +0 ring mail
rNeg   + . .     Faith    .     (no shield)
rPois  .         Spirit   +     (helmet unavailable)
rElec  .         Dismiss  .     (no cloak)
rCorr  .         Reflect  .     (no gloves)
SustAt .         Harm     .     (no boots)
MR     .....                    b - amulet of guardian spirit
Stlth  ..........               r - ring of positive energy
                                o - ring of protection from fire

@: lethally poisoned (0 -> 0), not resistant to hostile enchantments, extremely
unstealthy
A: permanent stasis, dig shafts and tunnels, four strong arms, antennae 3,
clumsy 1, deformed body
a: Dig, Shaft Self, Depart the Abyss, Bend Space, Renounce Religion


You were on level 3 of the Dungeon.
You worshipped Lugonu.
Lugonu was pleased with you.
You were hungry.

You visited 1 branch of the dungeon, and saw 4 of its levels.
You visited the Abyss 1 time.

You collected 252 gold pieces.

Inventory:

Hand Weapons
 a - a +2 falchion
 d - a +0 falchion of electrocution (weapon)
Armour
 t - a +0 ring mail (worn)
Jewellery
 b - an amulet of guardian spirit (around neck)
 o - a ring of protection from fire (left hand)
 r - a ring of positive energy (right hand)
 x - an uncursed amulet of the gourmand
Wands
 f - a wand of slowing (15/48)
Scrolls
 h - 2 scrolls of teleportation {unknown}
 i - 2 scrolls of fog {unknown}
 j - 2 scrolls of remove curse {unknown}
 k - 6 scrolls of identify {unknown}
 l - 3 scrolls of amnesia {unknown}
 m - 3 scrolls of enchant armour {unknown}
Potions
 e - 2 potions of degeneration
Comestibles
 c - 2 bread rations
 p - 6 fruits
 v - a meat ration


   Skills:
 + Level 5.2 Fighting
 + Level 4.0 Long Blades
 - Level 2.1 Armour
 - Level 0.8 Dodging
 + Level 4.7 Invocations


You had 5 spell levels left.
You didn't know any spells.

Dungeon Overview and Level Annotations

Branches:
Dungeon (4/15)
 Temple: D:4-7

Altars:
Fedhas

Annotations:
D:4 Sl000nik's ghost, amateur MfTm


Innate Abilities, Weirdness & Mutations

You are under a permanent stasis effect.
You can dig through walls and to a lower floor.
Your four strong arms can wield two-handed weapons with a shield.
You have a pair of large antennae on your head (SInv).
You are clumsy. (Dex -2)
Armour fits poorly on your strangely shaped body.


Message History

Read which item? (? for menu, Esc to quit)
As you read the scroll labeled GOSE MIGHESK, it crumbles to dust.
You feel momentarily disoriented.
It was a scroll of magic mapping.
Read which item? (? for menu, Esc to quit)
Okay, then.
* * * LOW HITPOINT WARNING * * *
You feel sick.
* * * LOW HITPOINT WARNING * * *
You feel sick.
You take 1 damage, and have 2/51 hp.
* * * LOW HITPOINT WARNING * * *
You feel sick.
You take 1 damage, and have 1/51 hp.
* * * LOW HITPOINT WARNING * * *
You feel sick.
You take 1 damage, and have 1/51 hp.
* * * LOW HITPOINT WARNING * * *
You feel sick.
You take 1 damage, and have 1/51 hp.
You die...

####............
#..###..#....
##.####...###
#.......##
##..##)##
####...##..####
#.........)<...
####.>..#....#####
#@................
########.....#####
###...# #...#
#...# #...# #...#
#...# #####


There were no monsters in sight!

Vanquished Creatures
  A scorpion (D:3)
  A giant frog zombie (D:1)
  An orc wizard (D:4)
  A worker ant (D:4)
  6 adders
  An ooze (D:1)
  A worm (D:3)
  5 dart slugs
  A giant gecko (D:2)
  7 orcs
  4 giant cockroaches
  12 goblins
  15 hobgoblins
  2 quokkas
  7 bats
  2 giant newts (D:1)
  12 kobolds
  9 rats
88 creatures vanquished.

Notes
Turn   | Place    | Note
--------------------------------------------------------------
     0 | Abyss:1  | beholder the Formicid Abyssal Knight began the quest for the Orb.
     0 | Abyss:1  | Reached XP level 1. HP: 18/18 MP: 2/2
   161 | Abyss:2  | Noticed a small abomination
   164 | Abyss:2  | Noticed a large abomination
   166 | D:1      | Escaped the Abyss
   439 | D:1      | Reached * piety under Lugonu
   444 | D:1      | Reached XP level 2. HP: 19/24 MP: 3/3
   697 | D:1      | Reached XP level 3. HP: 19/30 MP: 4/4
  1080 | D:1      | Reached skill level 4 in Fighting
  1144 | D:1      | Reached XP level 4. HP: 20/37 MP: 6/6
  1300 | D:1      | Reached ** piety under Lugonu
  1814 | D:2      | Found a blossoming altar of Fedhas.
  1992 | D:2      | Reached XP level 5. HP: 38/43 MP: 7/7
  2243 | D:2      | Found a blossoming altar of Fedhas.
  3384 | D:4      | Gained mutation: Armour fits poorly on your strangely shaped body. [potion of mutation]
  3384 | D:4      | Gained mutation: You are clumsy. (Dex -2) [potion of mutation]
  3390 | D:4      | Reached XP level 6. HP: 42/50 MP: 9/9
  3392 | D:4      | Reached skill level 5 in Fighting
  3615 | D:4      | Noticed Sl000nik's ghost (amateur MfTm)
  3718 | D:3      | HP: 2/51 [poisoned by a scorpion]
  3725 | D:3      | HP: 1/51 [poisoned by a scorpion]
  3733 | D:3      | Succumbed to a scorpion's poison

Vault maps used:
D:1:      lemuel_arrival_broad_hall, minmay_surrounded
D:2:      old_standard_altar, fedhas_altar_fruit_tree
D:4:      minmay_misc_feat_tiny, led_xom_imps

Skill      XL: |  1  2  3  4  5  6 |
---------------+-------------------+-----
Fighting       | 4 5 |  5.2
Invocations    | 3 4 |  4.7
Long Blades    | 3 4 |  4.0
Armour         | |  2.1
Dodging        | |  0.8

Action                   |  1- 3 |  4- 6 || total
-------------------------+-------+-------++-------
Melee: Falchion          |   100 |   216 ||   316
Invok: Depart the Abyss  |     1 |       ||     1
Evoke: Wand              |     2 |       ||     2
  Use: Potion            |       |     4 ||     4
       Scroll            |       |     3 ||     3
  Eat: Chunk             |     1 |     8 ||     9
Armor: Leather armour    |    30 |    20 ||    50
       Ring mail         |       |    46 ||    46
Dodge: Dodged            |    61 |    95 ||   156
